AoeStats
← GOLDFISH

Arabia

509754714Analyzed
2v2 RM · 6d ago on Sep 27, 2026· 40m 51s· 4 players
Game mode
Random Map
Map size
Medium (4 player)
Population
200
Speed
Normal
Resources
Standard
Victory
Conquest
Starting age
Dark Age
Ending age
Imperial Age
RankedLock teamsTeams togetherTeam positionsShared explorationLock speedFull tech treeHidden civsTurbo modeCheats
Victory
Defeat
🇨🇷 Poles · Costa Rica
875
+16
🇨🇷 Romans · Costa Rica
822
+18
🇦🇷 Vietnamese · Argentina
868
-17
🇨🇱 Franks · Chile
862
-43
Danny 109
8:00 Loom
10:33 Feudal Age
11:13 Double-Bit Axe
14:50 Bloodlines
15:12 Scale Barding Armor
15:57 Horse Collar
22:04 Castle Age
20:46 Forging
20:38 Scale Mail Armor
20:09 Man-at-Arms
23:01 Bow Saw
24:01 Stone Mining
24:13 Gold Mining
28:10 Pikeman
29:25 Long Swordsman
31:55 Stone Shaft Mining
32:48 Wheelbarrow
37:11 Imperial Age
41:33 Chemistry
ZadoK the Priest
7:13 Loom
10:20 Feudal Age
11:52 Double-Bit Axe
17:56 Scale Mail Armor
17:53 Man-at-Arms
18:50 Forging
23:13 Castle Age
26:08 Long Swordsman
26:49 Squires
27:15 Bow Saw
28:47 Chain Mail Armor
29:07 Iron Casting
28:39 Scale Barding Armor
30:43 Town Watch
32:23 Pikeman
38:18 Imperial Age
35:43 Gold Mining
38:37 Gold Shaft Mining
40:23 Stone Mining
41:37 Wheelbarrow
41:03 Town Patrol
GOLDFISH
10:37 Feudal Age
11:16 Double-Bit Axe
13:42 Loom
20:52 Castle Age
20:23 Scale Barding Armor
23:15 Man-at-Arms
27:45 Bow Saw
32:39 Gold Mining
EL AK SIEMPRE AL 10
11:10 Feudal Age
15:43 Castle Age
14:06 Horse Collar
16:03 Wheelbarrow
15:21 Double-Bit Axe
20:52 Bow Saw
20:46 Heavy Plow
25:44 Hand Cart
25:57 Gold Mining
25:57 Stone Mining
26:36 Crossbowman
29:02 Thumb Ring
31:17 Padded Archer Armor
37:36 Imperial Age
35:49 Fletching
36:14 Leather Archer Armor
36:45 Bodkin Arrow
38:44 Bracer
39:14 Ring Archer Armor
39:19 Paper Money
Connection lost

Rejoining the realm…

Still unreachable

The connection could not be restored.

Session expired

The server has moved on; the page needs a fresh start.